 Dungeon Crawl Stone Soup version 0.17-b1-25-g6d8775f (webtiles) character file.

29 Goblin1989 the Insei (level 3, -9/23 HPs)
             Began as an Octopode Transmuter on Nov 4, 2015.
             Mangled by a gnoll
             ... wielding a +0 flail
              (17 damage)
             ... on level 2 of the Dungeon on Nov 5, 2015.
             The game lasted 00:07:59 (1606 turns).

Goblin1989 the Insei (Octopode Transmuter)          Turns: 1606, Time: 00:07:59

Health: -9/23      AC:  1    Str:  9    XL:     3   Next: 16%
Magic:  5/6        EV:  6    Int: 16    God:
Gold:   62         SH:  0    Dex: 12    Spells: 2 memorised, 3 levels left

rFire  . . .     SeeInvis .       - Unarmed
rCold  . . .     Clarity  .     (no shield)
rNeg   . . .     SustAt   .     (helmet restricted)
rPois  .         Gourm    .     (no amulet)
rElec  .         Spirit   .     (no ring)
rCorr  .         Warding  .     (no ring)
rMut   .         Stasis   .     (no ring)
MR     .....                    (no ring)
Stlth  ++........               (no ring)
                                (no ring)
                                (no ring)
                                (no ring)

@: appendage (expiring), held, not resistant to hostile enchantments, unstealthy
A: almost no armour, amphibious, 8 rings, constrict 8, tentacle spike 3,
camouflage 1, gelatinous body 1
a: End Transformation


You were on level 2 of the Dungeon.
You were very hungry.
One of your tentacles had a temporary spike.
You visited 1 branch of the dungeon, and saw 2 of its levels.

You collected 62 gold pieces.

Inventory:

Missiles
 a - 21 arrows
Wands
 m - a wand of slowing (36)
Scrolls
 i - a scroll of random uselessness {unknown}
 k - a scroll of fear {unknown}
 l - 2 scrolls of noise {unknown}
Potions
 d - 2 potions of brilliance {unknown}
 e - 2 potions of heal wounds {unknown}
 f - 3 potions of curing {unknown}
 h - a potion of mutation {unknown}
Books
 b - a book of Changes

   Spells                             Type                      Level
   a - Beastly Appendage              Transmutation                1
   b - Sticks to Snakes               Transmutation                2
   c - Spider Form                    Transmutation/Poison         3
   d - Ice Form                       Ice/Transmutation            4
   e - Blade Hands                    Transmutation                5
Comestibles
 c - a bread ration
 g - a meat ration
 j - a slice of pizza


   Skills:
 - Level 1.0 Fighting
 + Level 2.5 Dodging
 * Level 3.6 Unarmed Combat
 - Level 2.0 Spellcasting
 + Level 2.3 Transmutations


You had 3 spell levels left.
You knew the following spells:

 Your Spells              Type           Power        Failure   Level  Hunger
a - Beastly Appendage     Trmt           #.....       10%         1    #......
b - Sticks to Snakes      Trmt           #.........   14%         2    ###....


Dungeon Overview and Level Annotations

Branches:
Dungeon (2/15)

Altars:


Innate Abilities, Weirdness & Mutations

You cannot wear most types of armour.
You are amphibious.
You can wear up to eight rings at the same time.
You can use your tentacles to constrict eight enemies at once.
Your skin changes colour to match your surroundings (Stealth).
Your rubbery body absorbs attacks (AC +1).
One of your tentacles bears a large vicious spike.


Message History

You are held in a net!
You are held in a net!
You are held in a net!
You are held in a net!
You are held in a net!
You are held in a net!
You are held in a net!
You are held in a net!
You are held in a net!
You are held in a net!
You are held in a net!
You are held in a net!
You are held in a net!
You are held in a net!
You are held in a net!
You struggle against the net.
Your transformation is almost over.
The gnoll hits you with a flail!
Ouch! That really hurt!
You die...

#.......#.### #......
#............ #......
#.......##### Kg...g.
#...........# #..gg.
#...........# .#.....
##...........#
.......#+##............#
...(...g.........#.....#
.##@.........#.....#
#..........#.....#
#..........#.....#
#....###+###.....#
#....# #.....# #....#
####+## ##+#.# #.# .#


You could see 4 gnolls, a hobgoblin (wandering) and a kobold (wandering).

Vanquished Creatures
  3 giant geckos
  6 bats (D:1)
  4 hobgoblins (D:1)
  2 jackals (D:1)
  2 ball pythons
  A goblin (D:2)
  3 kobolds
  3 rats
24 creatures vanquished.

Notes
Turn   | Place    | Note
--------------------------------------------------------------
     0 | D:1      | Goblin1989 the Octopode Transmuter began the quest for the Orb.
     0 | D:1      | Reached XP level 1. HP: 13/13 MP: 3/3
   371 | D:1      | Reached XP level 2. HP: 18/18 MP: 1/5
   375 | D:1      | Learned a level 2 spell: Sticks to Snakes
  1110 | D:1      | Reached XP level 3. HP: 23/23 MP: 6/6
  1255 | D:2      | Upgraded the game from 0.17-b1-20-g63edfd6 to 0.17-b1-25-g6d8775f
  1606 | D:2      | Mangled by a gnoll

Action                   || total
-------------------------++-------
Melee: Unarmed           ||    64
 Cast: Beastly Appendage ||     7
 Stab: Sleeping          ||     2
  Eat: Chunk             ||     1
